Map: Mountain Pass CE

Players

WarpigxxxL

  • Race: Zerg Zerg
  • Spawn Location: 5:00

dwduck

  • Race: Protoss Protoss
  • Spawn Location: 6:00

xBenx

  • Race: Zerg Zerg
  • League: Gold
  • Spawn Location: 5:00

COREA

  • Race: Zerg Zerg
  • Spawn Location: 11:00

Thor

  • Race: Terran Terran
  • League: Diamond
  • Spawn Location: 12:00

ROBOT

  • Race: Terran Terran
  • Spawn Location: 11:00

VOD

Have the link to the VOD?

Description

ROBOT, COREA, Thor, vs xBenx, dwduck, WarpigxxxL

Time

  • Played on: April 5, 2024, 2:01 p.m.
  • Length: 2:21
Show
View Real Time Build Order
Export as new Build Order

WarpigxxxL Zerg 

Build Orders:  

Get SALT Encoding   

  12  0:16  Drone  
Show
View Real Time Build Order
Export as new Build Order

dwduck Protoss 

Build Orders:  

Get SALT Encoding   

  12  0:17  Probe  
  13  0:29  Probe  
Show
View Real Time Build Order
Export as new Build Order

xBenx Zerg 

Build Orders:  

Get SALT Encoding   

  12  0:13  Drone  
  13  1:16  Drone  
  3  1:54  Extractor  
Show
View Real Time Build Order
Export as new Build Order

COREA Zerg 

Build Orders: Pool Only 

Get SALT Encoding   

  12  0:00  Drone  
  13  0:09  Drone  
  14  0:17  Overlord  
  14  0:36  Drone x3  
  17  0:47  Drone  
  18  1:00  Spawning Pool  
  18  1:01  Extractor  
  18  1:02  Drone  
  17  1:10  Drone  
  17  1:52  Zergling x6  
Show
View Real Time Build Order
Export as new Build Order

Thor Terran 

Build Orders:  

Get SALT Encoding   

  12  0:00  SCV  
  13  0:12  SCV  
  14  0:18  Supply Depot  
  14  0:24  SCV  
  14  0:27  Refinery  
  15  0:40  SCV  
  16  0:44  Barracks  
  16  0:52  SCV  
  18  1:04  SCV  
  18  1:16  SCV  
  19  1:37  Reaper  
  19  1:49  Orbital Command  
  19  2:20  Supply Depot  
Show
View Real Time Build Order
Export as new Build Order

ROBOT Terran 

Build Orders:  

Get SALT Encoding   

  12  0:04  SCV  
  13  0:17  Supply Depot  
  13  0:18  SCV  
  14  0:30  SCV  
  15  0:43  Barracks, SCV  
  15  0:48  Refinery  
  16  0:56  SCV  
  16  1:08  SCV  
  14  1:20  SCV  
  15  1:50  Supply Depot  
  15  1:52  Supply Depot  
  15  1:53  Supply Depot  
Tags
 
Add a new tag
Caveats
  • Supply blocks, unpowered buildings, or Contaminate may cause inaccurate times.
  • Supply counts are checked every 10 seconds.